Map: Blueshift LE

Players

BenImmortal

  • Race: Zerg Zerg
  • League: Master
  • Spawn Location: 7:00

IIIIIIIIIIII (FireFoX) - Winner!

  • Race: Zerg Zerg
  • League: Master
  • Spawn Location: 1:00

VOD

Have the link to the VOD?

Description

Time

  • Played on: Aug. 21, 2018, 2:30 p.m.
  • Length: 3:42
Show
View Real Time Build Order
Export as new Build Order

BenImmortal Zerg 

Build Orders: Hatch First 

Get SALT Encoding   

  12  0:01  Drone  
  13  0:09  Drone  
  14  0:18  Extractor  
  14  0:19  Drone  
  15  0:40  Hatchery  
  14  0:47  Extractor  
  13  0:54  Spawning Pool  
  12  0:57  Drone  
  12  1:03  Drone  
  14  1:12  Overlord  
  14  1:16  Extractor  
  14  1:17  Drone  
  15  1:30  Drone  
  15  1:31  Drone  
  17  1:40  Queen  
  19  1:49  Metabolic Boost  
  19  1:58  Queen  
  19  2:01  Zergling x2  
  22  2:03  Zergling x2  
  23  2:12  Zergling x2  
  24  2:27  Zergling x4  
  26  2:33  Zergling x2  
  26  2:34  Zergling x2  
  26  2:35  Zergling x2  
  25  2:43  Zergling x4  
  8  3:03  Zergling x2  
  8  3:04  Zergling x2  
Show
View Real Time Build Order
Export as new Build Order

IIIIIIIIIIII Zerg - Winner!

Build Orders: 1 Base Baneling Bust, Pool First, Zergling Baneling 

Get SALT Encoding   

  12  0:00  Drone  
  13  0:08  Extractor  
  12  0:24  Spawning Pool  
  11  0:29  Drone  
  11  0:33  Drone  
  13  0:46  Overlord  
  13  1:11  Zergling x2  
  13  1:12  Zergling x4, Metabolic Boost  
  16  1:23  Zergling x2  
  17  1:28  Baneling Nest  
  16  1:34  Zergling x2  
  17  1:44  Zergling x2  
  18  1:55  Zergling x2  
  19  2:05  Zergling x2  
  20  2:12  Baneling x2  
  20  2:18  Zergling x2  
  21  2:26  Baneling  
  21  2:28  Baneling  
  21  2:34  Zergling x2  
  19  2:48  Zergling x2  
  19  2:51  Zergling x2  
  19  3:08  Baneling x2  
  19  3:09  Hatchery  
  19  3:12  Baneling x2  
  18  3:15  Zergling x4  
  18  3:19  Baneling  
  20  3:21  Zergling x2  
Tags
 
Add a new tag
Caveats
  • Supply blocks, unpowered buildings, or Contaminate may cause inaccurate times.
  • Supply counts are checked every 10 seconds.